 Dungeon Crawl Stone Soup version 0.26.1-11-gd32895ea62 (webtiles) character file.

Game seed: 1988843546925442801

20512 dtburroughs the Fighter (level 12, -1/113 HPs)
             Began as a Minotaur Berserker on Apr 24, 2021.
             Was a Priest of Trog.
             Slain by a wolf (3 damage)
             ... on level 2 of the Lair of Beasts.
             The game lasted 00:42:27 (19907 turns).

dtburroughs the Fighter (Minotaur Berserker)       Turns: 19907, Time: 00:42:28

Health: -1/113     AC: 20    Str: 21    XL:     12   Next: 46%
Magic:  11/11      EV:  8    Int:  4    God:    Trog [***...]
Gold:   877        SH:  7    Dex: 10    Spells: 11/11 levels left

rFire    + + +     SeeInvis .   D - +0 mace of Righteous Fury {vamp, rF+++ rN++ Str-2 Int-4}
rCold    . . .     Faith    +   q - +0 kite shield
rNeg     + + .     Spirit   .   w - +0 plate armour
rPois    .         Reflect  .   (helmet restricted)
rElec    .         Harm     .   G - +0 cloak
rCorr    .         Rampage  .   x - +0 pair of gloves
Will     +....                  g - +0 pair of boots
Stlth    ..........             A - amulet of faith
HPRegen  0.28/turn              i - ring of willpower
MPRegen  0.12/turn              (no ring)

@: berserk cooldown, slowed, very slow
A: retaliatory headbutt, horns 2
a: Renounce Religion, Berserk, Trog's Hand


You were on level 2 of the Lair of Beasts.
You worshipped Trog.
Trog was most pleased with you.
You visited 2 branches of the dungeon, and saw 14 of its levels.
You also visited: Volcano.

You collected 877 gold pieces.

Inventory:

Hand Weapons
 y - a +0 morningstar
 C - a +0 war axe
 D - the +0 mace of Righteous Fury (weapon) {vamp, rF+++ rN++ Str-2 Int-4}
   (You found it on level 9 of the Dungeon)

   It inflicts no extra harm, but heals its wielder when it wounds a living foe.
   It affects your strength (-2).
   It affects your intelligence (-4).
   It renders you almost immune to fire.
   It greatly protects you from negative energy.
 Q - a +2 great mace of flaming
Armour
 g - a +0 pair of boots (worn)
 q - a +0 kite shield (worn)
 w - a +0 plate armour (worn)
 x - a +0 pair of gloves (worn)
 G - a +0 cloak (worn)
Jewellery
 i - a ring of willpower (left hand)
 A - an amulet of faith (around neck)
 K - an uncursed ring of ice {unknown}
 O - an uncursed ring of positive energy {unknown}
 P - a cursed amulet of inaccuracy {unknown}
Wands
 d - a wand of iceblast (9) (quivered)
 H - a wand of random effects (48)
 I - a wand of disintegration (7)
Scrolls
 a - a scroll of torment {unknown}
 c - 6 scrolls of teleportation
 j - 5 scrolls of magic mapping
 k - 6 scrolls of identify
 n - 5 scrolls of remove curse
 o - 5 scrolls of blinking
 p - 3 scrolls of fear
 s - a scroll of noise {unknown}
 t - a scroll of immolation {unknown}
 u - 2 scrolls of fog {unknown}
 B - a scroll of enchant armour {unknown}
 E - a scroll of summoning {unknown}
 F - 2 scrolls of random uselessness {unknown}
 L - a scroll of holy word {unknown}
Potions
 b - a potion of invisibility {unknown}
 e - a potion of might {unknown}
 f - 4 potions of mutation
 h - 5 potions of curing
 l - a potion of resistance {unknown}
 m - a potion of degeneration {unknown}
 r - 3 potions of brilliance
 v - 3 potions of lignification
 z - 3 potions of flight
 J - a potion of magic {unknown}
 M - a potion of berserk rage {unknown}
 N - a potion of heal wounds {unknown}


   Skills:
 + Level 12.7 Fighting
 + Level 12.7 Axes
 + Level 12.4 Armour
 + Level 11.5 Dodging


You had 11 spell levels left.
You didn't know any spells.
Your spell library was empty.

Dungeon Overview and Level Annotations

Branches:
Dungeon (12/15)              Lair (2/6) D:8             Orc (0/2) D:11
Volcano (visited)
 Temple: D:4-7        Swamp: Lair:2-4    Shoals: Lair:2-4     Snake: Lair:2-4
 Spider: Lair:2-4

Altars:
Ashenzari
Dithmenos
Elyvilon
Nemelex Xobeh
Okawaru
Ru
Trog
Uskayaw
Wu Jian
Yredelemnul

Shops:
D:4 ?

Portals:
Trove: D:10 (give 4 potions of resistance)


Innate Abilities, Weirdness & Mutations

You reflexively headbutt those who attack you in melee.
You have a pair of horns on your head.


Message History

You furiously retaliate!
You headbutt the wolf! The wolf barely misses you. You block the wolf's attack.
The wolf bites you but does no damage.
There is a collapsed entrance here.
You hit the wolf but do no damage.
The wolf is almost dead.
You block the wolf's attack. The wolf bites you!
* * * LOW HITPOINT WARNING * * *
The wolf bites you!
* * * LOW HITPOINT WARNING * * *
The wolf barely misses you. You furiously retaliate!
You headbutt the wolf! The red draconian breathes fire at you.
The searing blast hits you. You resist.
* * * LOW HITPOINT WARNING * * *
The wolf completely misses you. The wolf bites you but does no damage.
You closely miss the wolf. Your headbutt misses the wolf.
The wolf is almost dead.
You are engulfed in blazing flames.
You resist. The wolf bites you but does no damage. You block the wolf's attack.
The wolf bites you.
You die...

.....# ####...............**
.....### ##......>......#**
.......## ######...........##
#P#.....# ###..####..>......#.#
####....###.....#####.....#.#*#
#...###..#....## ##...####
#...###.h.##.l.# #....P#
##...#...h)#hhd# #.....#
#....#....##@## #....## #
####....###### ##...### ###
#.#### #######...#P####..
#########....##...P.......
#......................
##.....................
####.................#
#P.##..........#####
########......##


You could see a red draconian (catching breath), a komodo dragon and 2 wolves.

Vanquished Creatures
  A hydra (Lair:1)
  Erolcha (D:11)
  An unseen horror (D:11)
  A manticore (D:11)
  A cyclops (D:10)
  Joseph (D:7)
  A black mamba (Lair:1)
  A centaur zombie (D:11)
  Psyche (D:9)
  A gargoyle (D:11)
  3 cane toads (Lair:1)
  A komodo dragon (Lair:2)
  2 trolls
  A meliai zombie (D:9)
  A shadow (D:10)
  3 wyverns
  17 yaks
  A wraith (D:11)
  4 fire bats (Volcano)
  A basilisk (Lair:1)
  3 wargs (D:8)
  5 water moccasins
  Duvessa (D:7)
  A soldier ant (D:10)
  6 phantoms
  2 orc warriors
  A black bear (D:9)
  4 ice beasts
  5 sky beasts
  8 ogres
  3 centaurs
  2 big kobolds (D:10)
  13 bullfrogs
  Dowan (D:7)
  3 scorpions
  2 troll zombies (D:11)
  3 killer bees (D:10)
  6 wights
  2 jellies
  3 lava snakes (Volcano)
  5 bullfrog zombies
  8 hounds
  3 orc priests
  3 bullfrog skeletons
  7 iguanas
  6 orc wizards
  4 worker ants
  6 ogre zombies (D:11)
  2 worker ant zombies
  A howler monkey skeleton (D:8)
  11 adders
  A shadow imp (D:8)
  8 white imps
  An ooze (D:1)
  An adder zombie (D:8)
  2 adder skeletons
  7 worms
  3 dart slugs
  7 leopard geckos
  24 orcs
  6 giant cockroaches
  9 goblins
  7 hobgoblins
  10 jackals
  19 kobolds
  2 quokkas
  13 bats
  8 frilled lizards
  A goblin skeleton (D:11)
  A goblin zombie (D:11)
  2 hobgoblin skeletons (D:11)
  3 hobgoblin zombies (D:11)
  A jackal skeleton (D:4)
  A jackal zombie (D:8)
  A leopard gecko skeleton (D:7)
  2 orc skeletons (D:11)
  16 orc zombies (D:11)
  6 rats
336 creatures vanquished.

Vanquished Creatures (collateral kills)
  Gastronok (Lair:1)
  An ogre mage (Volcano)
  4 two-headed ogres (Volcano)
  An ugly thing (D:10)
  A cane toad (Lair:1)
  A gargoyle (D:10)
  A phantom (D:10)
  A centaur (D:10)
  2 lava snakes (Volcano)
13 creatures vanquished.

Vanquished Creatures (others)
  2 plants (Lair:1)
2 creatures vanquished.

Grand Total: 351 creatures vanquished

Notes
Turn   | Place    | Note
-------+----------+-------------------------------------------
     0 | D:1      | dtburroughs the Minotaur Berserker began the quest for the
                  | Orb.
     0 | D:1      | Reached XP level 1. HP: 19/19 MP: 0/0
   436 | D:1      | Reached XP level 2. HP: 27/27 MP: 1/1
   786 | D:1      | Reached XP level 3. HP: 33/33 MP: 2/2
  1191 | D:2      | Reached ** piety under Trog
  1408 | D:2      | Found a sparkling altar of Nemelex Xobeh.
  1687 | D:2      | Found an iron altar of Okawaru.
  1694 | D:2      | Found a bloodstained altar of Trog.
  1862 | D:3      | Reached XP level 4. HP: 28/40 MP: 3/3
  2184 | D:3      | Found a sparkling altar of Nemelex Xobeh.
  2249 | D:3      | Reached XP level 5. HP: 39/47 MP: 4/4
  2563 | D:3      | Reached *** piety under Trog
  3194 | D:4      | Noticed an ogre
  3213 | D:4      | Killed an ogre
  3214 | D:4      | Reached skill level 5 in Axes
  3602 | D:4      | Reached skill level 5 in Fighting
  3948 | D:4      | Found Pudetama's Magic Scroll Emporium.
  4968 | D:5      | Entered Level 5 of the Dungeon
  4968 | D:5      | Noticed a phantom
  4999 | D:5      | Killed a phantom
  5000 | D:5      | Reached XP level 6. HP: 49/56 MP: 5/5
  5248 | D:5      | Reached skill level 5 in Armour
  5370 | D:5      | Found a hide-covered altar of Uskayaw.
  5381 | D:5      | Found a broken altar of Ashenzari.
  5381 | D:5      | Found a white marble altar of Elyvilon.
  5397 | D:5      | Found a shadowy altar of Dithmenos.
  5400 | D:5      | Found an ornate altar of the Wu Jian Council.
  5495 | D:5      | Reached XP level 7. HP: 33/62 MP: 6/6
  6260 | D:6      | Found a hide-covered altar of Uskayaw.
  6329 | D:6      | Found a basalt altar of Yredelemnul.
  6529 | D:6      | Reached skill level 5 in Dodging
  6779 | D:6      | Found an iron altar of Okawaru.
  7217 | D:7      | Reached XP level 8. HP: 71/71 MP: 7/7
  7619 | D:7      | You fall into a shaft and drop 1 floor!
  7963 | D:8      | Found a staircase to the Lair.
  8003 | D:8      | HP: 3/109 [warg (8)]
  8559 | D:8      | Found a sacrificial altar of Ru.
  8780 | D:8      | Reached **** piety under Trog
  8781 | D:8      | Reached XP level 9. HP: 61/81 MP: 8/8
  8906 | D:7      | Noticed Joseph
  8930 | D:7      | Killed Joseph
  9377 | D:7      | Noticed Dowan
  9383 | D:7      | Noticed Duvessa
  9386 | D:7      | Killed Dowan
  9410 | D:7      | Killed Duvessa
 10113 | D:9      | Noticed Psyche
 10141 | D:9      | Killed Psyche
 10689 | D:9      | Found a sacrificial altar of Ru.
 10712 | D:9      | Reached XP level 10. HP: 77/91 MP: 9/9
 11229 | D:9      | Got a translucent mace
 11230 | D:9      | Identified the cursed +0 mace of Righteous Fury {vamp,
                  | rF+++ rN++ Str-2 Int-4} (You found it on level 9 of the
                  | Dungeon)
 11279 | D:9      | Found a sparkling altar of Nemelex Xobeh.
 11909 | D:10     | Entered Level 10 of the Dungeon
 12009 | D:10     | Found a basalt altar of Yredelemnul.
 12082 | D:10     | Reached skill level 10 in Axes
 12442 | D:10     | Reached skill level 10 in Fighting
 12479 | D:10     | Found a portal to a secret trove of treasure.
 12487 | D:10     | Noticed a cyclops
 12516 | D:10     | Killed a cyclops
 13038 | D:11     | Reached skill level 10 in Armour
 13122 | D:10     | Reached ***** piety under Trog
 13154 | D:11     | Noticed a gargoyle
 13175 | D:10     | Killed a gargoyle
 13535 | D:11     | Found a staircase to the Orcish Mines.
 13832 | D:11     | Noticed a manticore
 13852 | D:11     | Killed a manticore
 13853 | D:11     | Reached XP level 11. HP: 91/101 MP: 10/10
 13940 | D:11     | Noticed a green ugly thing
 14115 | D:10     | Killed a green ugly thing
 14601 | D:11     | Noticed Erolcha
 14630 | D:11     | Killed Erolcha
 14757 | D:11     | Reached skill level 10 in Dodging
 15404 | D:11     | Got a twisted scale mail
 15713 | D:11     | Identified the +4 scale mail of the Cicada {rElec rCorr
                  | Int-5} (You found it on level 11 of the Dungeon)
 15923 | D:11     | Killed an unseen horror
 16528 | Lair:1   | Entered Level 1 of the Lair of Beasts
 16540 | Lair:1   | Received a gift from Trog
 16935 | Lair:1   | Noticed an eight-headed hydra
 17350 | Lair:1   | Killed an eight-headed hydra
 17654 | Lair:1   | Noticed Gastronok
 17672 | Lair:1   | Reached XP level 12. HP: 64/112 MP: 11/11
 17673 | Lair:1   | Killed Gastronok
 19515 | Lair:2   | Found a dark tunnel.
 19520 | Volcano  | Entered a volcano
 19676 | Volcano  | Noticed a two-headed ogre
 19676 | Volcano  | Noticed a two-headed ogre
 19688 | Volcano  | Killed a two-headed ogre
 19691 | Volcano  | Killed a two-headed ogre
 19708 | Volcano  | Noticed a two-headed ogre
 19722 | Volcano  | Noticed a two-headed ogre
 19723 | Volcano  | Noticed an ogre mage
 19728 | Volcano  | Killed a two-headed ogre
 19735 | Volcano  | Killed a two-headed ogre
 19738 | Volcano  | HP: 3/113 [lava snake/glob of lava (7)]
 19743 | Volcano  | Killed an ogre mage
 19743 | Volcano  | HP: 4/113 [lava snake/glob of lava (6)]
 19868 | Volcano  | Noticed a red draconian
 19906 | Lair:2   | HP: 3/113 [wolf (7)]
 19906 | Lair:2   | HP: 1/113 [red draconian/searing blast (2)]
 19907 | Lair:2   | Slain by a wolf

Illustrated notes

Levels and vault maps discovered:
D:1:      sevenhm_arrival_forest_fort_small_5, layout_basic,
          minmay_tiny_reverse_x
D:2:      layout_basic, nemelex_xobeh_ov_fountains_minmay,
          grunt_temple_overflow_open
D:3:      minmay_bubble_buster, layout_basic, nemelex_diamond_rough_becter
D:4:      layout_layer_cave, kennysheep_windowed_goal
D:5:      layout_loops_corners, minmay_overflow_temple_star_hex,
          minmay_temple_entry_from_below_a, minivault_11, kennysheep_nub,
          chequers_serial_rivers_small_b
D:6:      layout_basic, lemuel_crystal_altar, basic_altar, okawaru_gym_becter
D:7:      layout_loops_ring, kennysheep_generic_room_5, uniq_duvessa,
          uniq_joseph
D:8:      layout_basic, erik_lair_orcish_takeover, basic_altar
D:9:      layout_small_grid, nicolae_overflow_crystal_walls,
          nemelex_lonely_heart_becter, uniq_psyche
D:10:     layout_basic, nicolae_trove_entry_free_sample, basic_altar
D:11:     layout_layer_cave, zombieorc2_lemuel, minmay_alternating_orb,
          uniq_erolcha
D:12:     minmay_thinvault, layout_cave_pools, lemuel_old_faithful
Lair:1:   layout_regular_city, uniq_gastronok
Lair:2:   layout_hall_layers, nicolae_volcano_entry_s_turn

Skill      XL: |  1  2  3  4  5  6  7  8  9 10 11 12 |
---------------+-------------------------------------+-----
Axes           | 4 5 6 7 9 10 12 | 12.7
Armour         | 3 4 5 6 7 9 10 11 12 | 12.4
Fighting       | 4 5 6 7 9 10 12 | 12.7
Dodging        | 3 4 5 6 8 9 10 11 | 11.5

Action                   |  1- 3 |  4- 6 |  7- 9 | 10-12 || total
-------------------------+-------+-------+-------+-------++-------
Melee: Hand axe          |    57 |   184 |   390 |    25 ||   656
       Headbutt          |     8 |    20 |    78 |   145 ||   251
       War axe           |       |       |       |   484 ||   484
       Morningstar       |       |       |       |   103 ||   103
       Mace              |       |       |       |    83 ||    83
Invok: Berserk           |       |     1 |     3 |     2 ||     6
       Trog's Hand       |       |       |     2 |     7 ||     9
       Brothers in Arms  |       |       |       |     7 ||     7
Evoke: Wand              |       |       |     6 |     4 ||    10
  Use: Scroll            |       |       |     4 |    10 ||    14
       Potion            |       |       |     1 |     1 ||     2
Armor: Animal skin       |    13 |       |       |       ||    13
       Ring mail         |     1 |    55 |   110 |    42 ||   208
       Plate armour      |       |       |       |   546 ||   546
Dodge: Dodged            |    51 |   130 |   131 |   300 ||   612
Block: Kite shield       |       |    20 |   113 |   336 ||   469
